 Dungeon Crawl Stone Soup version 0.28-a0-1447-ga5a8893891 (webtiles) character file.

Game seed: 13172680260378703139

345 hashsling the Gusty (level 6, -6/32 HPs)
             Began as a Tengu Air Elementalist on Jan 11, 2022.
             Killed by divine providence
             ... invoked by an orc priest
              (13 damage)
             ... on level 4 of the Dungeon.
             The game lasted 00:11:25 (4370 turns).

hashsling the Gusty (Tengu Air Elementalist)        Turns: 4370, Time: 00:11:25

Health: -6/32      AC:  3    Str:  8    XL:     6   Next: 58%
Magic:  0/11       EV: 15    Int: 18    God:
Gold:   107        SH:  0    Dex: 20    Spells: 5/11 levels left

rFire   . . .      SeeInvis .   m - +0 trident
rCold   . . .      Faith    .   (no shield)
rNeg    . . .      Spirit   .   i - +0 robe
rPois   .          Reflect  .   (helmet restricted)
rElec   .          Harm     .   (no cloak)
rCorr   .          Rampage  .   l - +0 pair of gloves
Will    .....                   (boots unavailable)
Stlth   ++........              (no amulet)
HPRegen 0.10/turn               d - +6 ring of dexterity
MPRegen 0.12/turn               (no ring)

@: flying quickly and evasively, quick
A: beak, talons 3, nimble flight
a: no special abilities


You were on level 4 of the Dungeon.
You visited 1 branch of the dungeon, and saw 4 of its levels.

You collected 107 gold pieces.

Inventory:

Hand Weapons
 m - a +0 trident (weapon)
Missiles
 e - 41 arrows
 g - 6 boomerangs
 j - 3 throwing nets
Armour
 h - an orb of mayhem
 i - a +0 robe (worn)
 l - a +0 pair of gloves (worn)
Jewellery
 d - a +6 ring of dexterity (left hand)
Wands
 c - a wand of paralysis (12)
 o - a wand of mindburst (18)
Scrolls
 a - a scroll of teleportation {unknown}
 b - a scroll of fear
Potions
 f - a potion of resistance
 k - a potion of heal wounds {unknown}
 n - a potion of curing {unknown}


   Skills:
 - Level 2.1 Dodging
 - Level 2.0 Stealth
 + Level 3.2 Spellcasting
 * Level 5.4 Conjurations
 * Level 6.8 Air Magic


You had 5 spell levels left.
You knew the following spells:

 Your Spells              Type           Power      Damage    Failure   Level
a - Shock                 Conj/Air       96%        1d9       1%          1
b - Static Discharge      Conj/Air       24%        N/A       1%          2
c - Swiftness             Air            27%        N/A       3%          3

Your spell library contained the following spells:

 Spells                   Type           Power      Damage    Failure   Level
 Foxfire                  Conj/Fire      48%        2x1d6     5%          1
 Airstrike                Air            13%        N/A       10%         4
 Conjure Flame            Conj/Fire      12%        6-21      16%         3
 Inner Flame              Hex/Fire       2%         N/A       43%         3
 Flame Wave               Conj/Fire      12%        2d5       45%         4


Dungeon Overview and Level Annotations

Branches:
Dungeon (4/15)
 Temple: D:4-7

Altars:


Innate Abilities, Weirdness & Mutations

You have a beak for a mouth.
You have claws for feet.
Your magical nature lets you fly swiftly and evasively.


Message History

Aim: an orc, wielding a +0 hand axe (74% to hit)
The zap hits the orc.
The orc is heavily wounded.
The zap hits the orc!
You kill the orc!
The zap hits the orc.
The orc is almost dead.
You reach to attack!
You closely miss the orc.
The orc is almost dead.
You hit the orc.
You kill the orc!
An orc priest comes into view. It is wielding a +0 flail.
The orc priest casts a cantrip, but nothing happens.
The zap hits the orc priest.
The orc priest is moderately wounded.
The zap hits the orc priest.
The orc priest is severely wounded.
The zap misses the orc priest.
The zap hits the orc priest but does no damage.
The orc priest is severely wounded.
The orc priest invokes the aid of Beogh against you.
Beogh smites you!
You reach to attack!
You hit the orc priest but do no damage.
The orc priest is severely wounded.
The orc priest casts a cantrip, but nothing happens.
The zap hits the orc priest.
The orc priest is severely wounded.
The orc priest invokes the aid of Beogh against you.
Beogh smites you!
* * * LOW HITPOINT WARNING * * *
You are too injured to fight recklessly!
Aiming: Shock (safe; 1% risk of failure)
Press: ? - help, Q - select action, (/) - cycle Shift-Dir - straight line, f/p - orc priest
Aim: an orc priest, wielding a +0 flail and wearing a +0 ring mail (severely wounded, 77% to hit)
The zap hits the orc priest but does no damage.
The orc priest is severely wounded.
The orc priest calls down the wrath of Beogh upon you.
Beogh smites you!
You die...

..........#
..........######
o..............##
..o....).........
########†........
#.####.... #o# ..
############)#
#...........@#
#.############
#.# #.# #.# #.#
#.# #.# #.#####


You could see an orc priest.

Vanquished Creatures
  A necrophage (D:4)
  An orc priest (D:3)
  A hound (D:4)
  Terence (D:3)
  An iguana (D:3)
  Robin (D:2)
  5 adders
  A worm (D:3)
  3 dart slugs
  6 orcs
  11 ball pythons
  4 endoplasms
  A giant cockroach (D:2)
  10 goblins
  9 hobgoblins
  3 jackals (D:3)
  4 kobolds
  2 bats (D:1)
  3 frilled lizards
  9 rats
77 creatures vanquished.

Notes
Turn   | Place    | Note
-------+----------+-------------------------------------------
     0 | D:1      | hashsling the Tengu Air Elementalist began the quest for
                  | the Orb.
     0 | D:1      | Reached XP level 1. HP: 10/10 MP: 4/4
   352 | D:1      | Reached XP level 2. HP: 15/15 MP: 3/6
   355 | D:1      | Learned a level 2 spell: Static Discharge
   863 | D:1      | Found a faded altar of an unknown god.
  1713 | D:2      | Reached XP level 3. HP: 19/19 MP: 2/7
  2127 | D:2      | Reached skill level 5 in Air Magic
  2646 | D:3      | Reached XP level 4. HP: 17/24 MP: 5/8
  2779 | D:3      | Noticed Robin
  2844 | D:2      | Killed Robin
  3149 | D:3      | Noticed Terence
  3164 | D:3      | Killed Terence
  3165 | D:3      | Gained mutation: Your magical nature lets you fly swiftly
                  | and evasively. [Tengu growth]
  3165 | D:3      | Reached XP level 5. HP: 17/28 MP: 0/10
  3170 | D:3      | Learned a level 3 spell: Swiftness
  3642 | D:3      | Reached skill level 6 in Air Magic
  4283 | D:4      | Noticed a necrophage
  4290 | D:4      | Killed a necrophage
  4291 | D:4      | Reached skill level 5 in Conjurations
  4291 | D:4      | Reached XP level 6. HP: 32/32 MP: 4/11
  4370 | D:4      | Killed from afar by an orc priest

Illustrated notes

Levels and vault maps discovered:
D:1:      dpeg_arrival_pond, layout_basic, ebering_ecumenical_altar_hall,
          serial_glass, glass_columns_a, glass_columns_b, glass_columns_a,
          glass_columns_a
D:2:      layout_basic
D:3:      layout_basic, palyth_stone_intersect, minmay_misc_feat_iff,
          uniq_terence, uniq_robin
D:4:      layout_basic, uniq_menkaure, uniq_sigmund

Skill      XL: |  1  2  3  4  5 |
---------------+----------------+-----
Conjurations   | 2 3 5 |  5.4
Air Magic      | 5 6 |  6.8
Spellcasting   | 3 |  3.2
Dodging        | |  2.1
Stealth        | |  2.0

Action                   |  1- 3 |  4- 6 || total
-------------------------+-------+-------++-------
Melee: Whip              |     6 |       ||     6
       Peck              |     1 |     2 ||     3
       Kick              |     3 |     6 ||     9
       Spear             |     7 |    11 ||    18
       Trident           |       |    12 ||    12
 Cast: Shock             |    68 |    96 ||   164
       Static Discharge  |       |     1 ||     1
Evoke: Wand              |       |     1 ||     1
  Use: Scroll            |     3 |       ||     3
Armor: Robe              |     1 |     3 ||     4
Dodge: Dodged            |    10 |    30 ||    40

Table legend: (Time is in decaauts)
 A = Elapsed time spent in this place.
 B = Non-inter-level travel time spent in this place.
 C = Inter-level travel time spent in this place.
 D = Time resting spent in this place.
 E = Time spent auto-exploring this place.
 F = Levels seen in this place.
 G = Mean time per level.
                   A        B        C        D        E       F      G
               +--------+--------+--------+--------+--------+-----+--------+
         Total |   4323 |   4171 |    152 |    124 |   3515 |   4 | 1080.8 |
       Dungeon |   4323 |   4171 |    152 |    124 |   3515 |   4 | 1080.8 |
               +--------+--------+--------+--------+--------+-----+--------+

Top non-repeatable levels by time:
     D:1: 1704 daAuts
     D:3: 1288 daAuts
     D:2: 1213 daAuts
     D:4: 117 daAuts
